 Dungeon Crawl Stone Soup version 0.30-a0-368-g86fb4627a9 (webtiles) character file.

Game seed: 14745123510614675304

1993 Pooter the Cleaver (level 9, -2/78 HPs)
             Began as a Minotaur Fighter on Nov 18, 2022.
             Was a Believer of Okawaru.
             Slain by a gnoll sergeant
             ... wielding a +0 halberd
              (4 damage)
             ... in a bailey on Nov 19, 2022.
             The game lasted 00:28:36 (5376 turns).

Pooter the Cleaver (Minotaur Fighter)               Turns: 5376, Time: 00:28:36

Health: -2/78      AC: 18    Str: 24    XL:     9   Next: 1%
Magic:  8/10       EV:  4    Int:  5    God:    Okawaru [**....]
Gold:   260        SH:  0    Dex: 11    Spells: 8/8 levels left

rFire   . . .      SeeInvis +    i - +1 war axe
rCold   . . .      Faith    .    (no shield)
rNeg    . . .      Spirit   .    o - +3 plate armour
rPois   .          Reflect  .    (helmet restricted)
rElec   .          Harm     .    y - scarf {shadows}
rCorr   .          Rampage  .    (no gloves)
Will    .....                    m - +0 pair of boots
Stlth   ..........               C - amulet of regeneration
HPRegen 1.13/turn                S - ring of see invisible
MPRegen 0.12/turn                q - +4 ring of slaying

@: heroic, held
A: horns 2, retaliatory headbutt
a: Renounce Religion, Heroism


You were in a bailey.
You worshipped Okawaru.
Okawaru was pleased with you.
You visited 1 branch of the dungeon, and saw 7 of its levels.
You also visited: Bailey.

You collected 260 gold pieces.

Inventory:

Hand Weapons
 a - the +7 halberd of Traps {freeze, rC+ Dex+2}
   (You found it on level 7 of the Dungeon)

   It freezes those it strikes, dealing additional cold damage.
   It can also slow down cold-blooded creatures.
   Dex:       It affects your dexterity (+2).
   rC:        It protects you from cold.
 b - a +0 sling
   (You took it off an orc on level 4 of the Dungeon)
 i - a +1 war axe (weapon)
 l - a +0 trident
   (You took it off an orc on level 3 of the Dungeon)
 v - a +1 halberd of venom
   (You took it off a gnoll on level 6 of the Dungeon)
Missiles
 x - 2 poisoned darts
 z - a boomerang (quivered)
 F - 9 throwing nets {!f}
 Q - 47 stones
Armour
 m - a +0 pair of boots (worn)
   (You found it on level 3 of the Dungeon)
 o - a +3 plate armour (worn)
   (You took it off a gnoll on level 6 of the Dungeon)
 y - a scarf of shadows (worn)
   (You found it on level 4 of the Dungeon)
 G - a +0 tower shield
   (You found it on level 6 of the Dungeon)
Jewellery
 q - a +4 ring of slaying (right hand)
   (You found it on level 3 of the Dungeon)
 C - an amulet of regeneration (around neck)
   (You found it on level 5 of the Dungeon)
 E - an amulet of reflection
   (You found it on level 6 of the Dungeon)
 S - a ring of see invisible (left hand)
   (You found it on level 1 of the Dungeon)
Wands
 f - a wand of flame (23)
   (You found it on level 6 of the Dungeon)
 j - a wand of charming (3)
   (You found it on level 2 of the Dungeon)
Scrolls
 h - a scroll of amnesia
 t - a scroll of teleportation {@r4}
 u - a scroll of silence
 w - a scroll of immolation {!r}
 A - a scroll of noise {!r}
Potions
 c - a potion of berserk rage {unknown}
 g - 3 potions of curing {@q1}
 k - a potion of flight {unknown}
 n - a potion of degeneration {unknown}
 r - 2 potions of cancellation {unknown}
 s - a potion of brilliance {unknown}
 B - a potion of haste {unknown}
 D - a potion of heal wounds {unknown}


   Skills:
 + Level 6.7(11.7) Fighting
 * Level 8.2(13.3) Axes
 + Level 1.1(10.2) Polearms
 * Level 5.6(10.6) Ranged Weapons
 - Level 3.6(8.6) Armour
 - Level 3.7(8.7) Stealth
 + Level 4.5(9.5) Shields
 + Level 3.6 Invocations
 + Level 1.1 Evocations


You had 8 spell levels left.
You didn't know any spells.
Your spell library contained the following spells:

 Spells                   Type           Power      Damage    Failure   Level
 Sublimation of Blood     Necr           0%         N/A       100%        2
 Wereblood                Tmut           0%         N/A       100%        2
 Gell's Gravitas          Tloc           0%         N/A       100%        3
 Lesser Beckoning         Tloc           0%         N/A       100%        3
 Teleport Other           Tloc           0%         N/A       100%        3
 Summon Hydra             Summ           Unusable   N/A       N/A         7

Dungeon Overview and Level Annotations

Branches:
Dungeon (7/15)             Temple (0/1) D:6          Bailey (1/1)

Altars:
Ashenzari
Kikubaaqudgha
Okawaru
Uskayaw


Innate Abilities, Weirdness & Mutations

You have a pair of horns on your head.
You reflexively headbutt those who attack you in melee.


Message History

You slash the wolf!
The wolf stops to sniff the ground.
The wolf bites you but does no damage.
A gnoll sergeant comes into view. It is wielding a +0 glaive.
A gnoll bouda comes into view. It is wielding a +4 halberd.
The gnoll hits you but does no damage.
The gnoll sergeant hits you with a +0 halberd!
The gnoll hits you but does no damage. The gnoll closely misses you.
The wolf bites you but does no damage. The wolf completely misses you.
You barely miss the gnoll sergeant. You headbutt the gnoll sergeant.
You punch the gnoll sergeant, but do no damage.
You barely miss the wolf. x2; The wolf completely misses you.
You furiously retaliate!
You headbutt the wolf!
You kill the wolf!
Okawaru accepts your kill. The gnoll hits you but does no damage.
The gnoll throws a throwing net.
The throwing net hits you.
You become entangled in the net!
The gnoll sergeant hits you but does no damage.
You have reached level 9!
Your experience leads to an increase in your attributes!
Increase (s)trength, (i)ntelligence, or (d)exterity?
You feel stronger. x2
You struggle against the net.
The wolf bites you. The wolf bites you but does no damage.
The gnoll hits you but does no damage.
The gnoll sergeant hits you with a +0 halberd!
* * * LOW HITPOINT WARNING * * *
A gnoll bouda comes into view. It is wielding a +0 halberd.
The wolf bites you.
* * * LOW HITPOINT WARNING * * *
The wolf bites you but does no damage. The wolf barely misses you.
You struggle against the net.
The gnoll bouda shouts!
The wolf bites you.
* * * LOW HITPOINT WARNING * * *
The wolf barely misses you. You furiously retaliate!
You headbutt the wolf! The wolf bites you.
* * * LOW HITPOINT WARNING * * *
The gnoll sergeant hits you with a +0 halberd!
* * * LOW HITPOINT WARNING * * *
The gnoll sergeant hits you but does no damage.
The gnoll hits you but does no damage. The wolf bites you but does no damage.
You struggle against the net.
The wolf bites you but does no damage. x2
The wolf bites you.
* * * LOW HITPOINT WARNING * * *
The gnoll sergeant hits you from afar with a +0 halberd!
* * * LOW HITPOINT WARNING * * *
The gnoll sergeant hits you but does no damage.
The gnoll hits you but does no damage.
The gnoll sergeant hits you with a +0 halberd.
You die...

♣♣♣♣♣♣♣♣♣ ♣♣♣♣♣♣♣♣♣
≈≈≈≈≈≈≈≈≈ ≈≈≈≈≈≈≈≈♣♣
≈...# #######...≈≈♣
..### ....8.##...≈♣ ..#
.g.gg..##..≈♣ ..#
..g.gg..#..≈♣ ..#
#####hghgh#..≈♣ ..#
##...##gh@.#..≈♣
..######.....###'##..≈♣
..)...#)......#......≈♣
..'...')..8...'......≈♣
..)...#)......#......≈♣
..######.....###+##..≈♣
..# ##...## #..≈♣ ..#
##### #..≈♣ ..# #..≈♣


You could see 4 gnoll sergeants, 4 wolves, 2 gnoll boudas and 3 gnolls.

Vanquished Creatures
  A steam dragon (D:6)
  3 ice beasts
  An ogre (D:6)
  A wolf (Bailey)
  2 gnoll sergeants
  3 necrophages (D:5)
  5 wights (D:4)
  A vampire bat (D:5)
  4 orc priests
  3 hounds
  4 gnoll boudas
  An iguana (D:5)
  5 orc wizards
  15 gnolls
  6 adders
  A shadow imp (D:5)
  A white imp (D:5)
  2 ufetubi
  3 dart slugs
  17 orcs
  7 ball pythons
  5 bat zombies (D:5)
  8 endoplasms
  4 giant cockroaches
  10 hobgoblins
  7 jackals
  5 kobolds
  3 quokkas
  4 bats
  2 frilled lizards
  7 goblins
  6 rats
147 creatures vanquished.

Vanquished Creatures (others)
  2 orc priests (D:4)
  A gnoll (D:6)
  An orc (D:4)
4 creatures vanquished.

Grand Total: 151 creatures vanquished

Notes
Turn   | Place    | Note
-------+----------+-------------------------------------------
     0 | D:1      | Pooter the Minotaur Fighter began the quest for the Orb.
     0 | D:1      | Reached XP level 1. HP: 19/19 MP: 0/0
   109 | D:1      | Reached XP level 2. HP: 27/27 MP: 1/1
   149 | D:1      | Reached skill level 3 in Axes
   444 | D:1      | Reached XP level 3. HP: 28/33 MP: 2/2
   816 | D:2      | Reached skill level 1 in Stealth
  1432 | D:2      | Found a faded altar of an unknown god.
  1590 | D:3      | Reached XP level 4. HP: 40/40 MP: 3/3
  1747 | D:3      | Reached skill level 4 in Axes
  2148 | D:4      | Found an iron altar of Okawaru.
  2185 | D:4      | Reached XP level 5. HP: 34/47 MP: 4/4
  2348 | D:4      | Became a worshipper of Warmaster Okawaru
  2563 | D:4      | Reached skill level 5 in Axes
  2898 | D:4      | Reached skill level 1 in Ranged Weapons
  2901 | D:4      | Reached skill level 5 in Fighting
  2901 | D:4      | Reached XP level 6. HP: 48/56 MP: 5/5
  2903 | D:4      | Reached * piety under Okawaru
  2904 | D:4      | Reached skill level 1 in Invocations
  3114 | D:4      | Reached XP level 7. HP: 44/61 MP: 4/7
  3399 | D:5      | Entered Level 5 of the Dungeon
  3406 | D:5      | Reached skill level 6 in Axes
  3413 | D:5      | Found a hide-covered altar of Uskayaw.
  3413 | D:5      | Noticed a +0 hand axe
  3414 | D:5      | Noticed a +0 hand axe
  4240 | D:5      | Found an ancient bone altar of Kikubaaqudgha.
  4315 | D:6      | Noticed a steam dragon
  4492 | D:5      | Reached ** piety under Okawaru
  4525 | D:6      | Reached XP level 8. HP: 55/70 MP: 8/8
  4536 | D:6      | Reached skill level 7 in Axes
  4678 | D:6      | Reached skill level 5 in Ranged Weapons
  4852 | D:6      | Found a broken altar of Ashenzari.
  4942 | D:6      | Found a staircase to the Ecumenical Temple.
  5126 | D:7      | Found a flagged portal.
  5135 | D:7      | Identified the +7 halberd of Traps {freeze, rC+ Dex+2}
  5139 | Bailey   | Entered a bailey
  5152 | Bailey   | Reached skill level 8 in Axes
  5369 | Bailey   | Reached skill level 1 in Polearms
  5369 | Bailey   | Reached skill level 1 in Evocations
  5374 | Bailey   | Reached XP level 9. HP: 47/78 MP: 7/10
  5376 | Bailey   | HP: 2/78 [gnoll sergeant/+0 halberd (11)]
  5376 | Bailey   | Slain by a gnoll sergeant

Illustrated notes

Levels and vault maps discovered:
D:1:      lemuel_arrival_river_bridge, layout_loops_ring,
          minmay_tree_intersection
D:2:      layout_basic, chequers_ecumenical_altar_grove, palyth_stone_intersect
D:3:      layout_loops_ring
D:4:      layout_basic, mainiacjoe_overflow_chevrons
D:5:      layout_loops_ring, dancing_weapons_uskayaw, kennysheep_vampire_church,
          st_stairs_4, corexii_corridor_pit,
          nicolae_concentric_dashed_squares_wild, amethyst_killhole,
          kennysheep_generic_room_8
D:6:      layout_rooms, lemuel_round_altar, minmay_temple_entry_butterflies
D:7:      layout_loops_ring, enter_bailey_2
Bailey:   bailey_polearm_gnolls_kennysheep, bailey

Skill      XL: |  1  2  3  4  5  6  7  8 |
---------------+-------------------------+-----
Axes           | 3 4 5 6 8 |  8.2
Fighting       | 4 5 6 |  6.7
Stealth        | 1 2 3 |  3.7
Shields        | 4 |  4.5
Ranged Weapons | 1 2 4 5 |  5.6
Invocations    | 1 2 3 |  3.6
Polearms       | 1 |  1.1
Evocations     | 1 |  1.1
Armour         | |  3.6

Action                   |  1- 3 |  4- 6 |  7- 9 || total
-------------------------+-------+-------+-------++-------
Melee: War axe           |    94 |    68 |   115 ||   277
       Headbutt          |    13 |     6 |    20 ||    39
       Punch             |       |       |     1 ||     1
 Fire: Sling             |       |    15 |    14 ||    29
Throw: Boomerang         |       |     9 |    24 ||    33
       Dart              |       |     3 |       ||     3
Invok: Heroism           |       |     1 |     7 ||     8
Evoke: Wand              |       |     3 |       ||     3
  Use: Scroll            |     2 |     1 |    14 ||    17
       Potion            |       |     1 |     3 ||     4
Armor: Scale mail        |    47 |    16 |       ||    63
       Chain mail        |       |    19 |    42 ||    61
       Plate armour      |       |       |    60 ||    60
Dodge: Dodged            |    55 |    25 |    57 ||   137
Block: Buckler           |    22 |    16 |    14 ||    52
       Tower shield      |       |       |    18 ||    18

Table legend: (Time is in decaauts)
 A = Elapsed time spent in this place.
 B = Non-inter-level travel time spent in this place.
 C = Inter-level travel time spent in this place.
 D = Time resting spent in this place.
 E = Time spent auto-exploring this place.
 F = Levels seen in this place.
 G = Mean time per level.
                   A        B        C        D        E       F      G
               +--------+--------+--------+--------+--------+-----+--------+
         Total |   5469 |   5315 |    154 |    400 |   3625 |   8 |  683.6 |
       Dungeon |   5234 |   5080 |    154 |    351 |   3625 |   7 |  747.7 |
        Bailey |    234 |    234 |      0 |     49 |      0 |   1 |  234.0 |
               +--------+--------+--------+--------+--------+-----+--------+

Top non-repeatable levels by time:
     D:4: 1358 daAuts
     D:5: 1147 daAuts
     D:1: 799 daAuts
     D:2: 718 daAuts
     D:3: 590 daAuts
     D:6: 493 daAuts
  Bailey: 234 daAuts
     D:7: 127 daAuts
